 Dungeon Crawl Stone Soup version 0.27-a0-1140-g099f9bb0e8 (webtiles) character file.

Game seed: 1301461605325403637

44 sanka the Ducker (level 3, -4/29 HPs)
             Began as a Djinni Wanderer on May 9, 2021.
             Was a Follower of Wu Jian.
             Slain by a gnoll
             ... wielding a +0 spear
              (10 damage)
             ... on level 2 of the Dungeon.
             The game lasted 00:02:42 (3723 turns).

sanka the Ducker (Djinni Wanderer)                  Turns: 3723, Time: 00:02:43

Health: -4/29      AC:  2    Str: 10    XL:     3   Next: 62%
Gold:   73         EV: 12    Int: 15    God:    Wu Jian [*.....] SH:  0 Dex: 12

rFire    + + .     SeeInvis .   a - +2 dagger
rCold    x . .     Faith    .   (no shield)
rNeg     . . .     Spirit   .   d - +0 robe
rPois    ∞         Reflect  .   (no helmet)
rElec    .         Harm     .   (no cloak)
rCorr    .         Rampage  .   (no gloves)
Will     .....                  (boots unavailable)
Stlth    ++........             (no amulet)
HPRegen  0.09/turn              (no ring)
MPRegen  0.00/turn              (no ring)

@: flying
A: sickness immunity, fire resistance 2, cold vulnerability 1, float, innate
caster, hp casting, extra vitality 1
a: Renounce Religion


You were on level 2 of the Dungeon.
You worshipped Wu Jian.
Wu Jian was aware of your devotion.
You visited 1 branch of the dungeon, and saw 3 of its levels.

You collected 73 gold pieces.


Innate Abilities, Weirdness & Mutations

You are immune to sickness and miasma.
You are immune to poison.
Your flesh is very heat resistant. (rF++)
You are vulnerable to cold. (rC-)
You float through the air rather than walking.
You learn spells naturally, not from books.
Your magical power is your life essence.
You have superior vitality. (+4 HP)


   Skills:
 + Level 2.7 Fighting
 - Level 1.7 Staves
 - Level 1.0 Throwing
 + Level 3.0 Dodging
 - Level 1.5 Stealth
 + Level 1.3 Spellcasting
 - Level 1.0 Evocations


You had 3 spell levels left.
You knew the following spells:

 Your Spells              Type           Power      Damage    Failure   Level
e - Apportation           Tloc           8%         N/A       14%         1
Your spell library was empty.

Inventory:

Hand Weapons
 a - a +2 dagger (weapon)
 k - a +1 hand axe of venom
Armour
 d - a +0 robe (worn)
 l - a +0 buckler
Scrolls
 f - 3 scrolls of identify {unknown}
 g - a scroll of teleportation {unknown}
 h - a scroll of enchant armour {unknown}
 i - 4 scrolls of amnesia {unknown}
 n - a scroll of magic mapping {unknown}
Potions
 b - 2 potions of heal wounds {@q2}
 c - 3 potions of lignification {!q}
 e - 3 potions of degeneration {unknown}
 j - a potion of attraction {unknown}
 m - a potion of flight {unknown}
 o - a potion of curing {unknown}

Dungeon Overview and Level Annotations

Branches:
Dungeon (3/15)

Altars:
Elyvilon
Wu Jian

.......▒
▒▒.▒.▒▒▒▒▒▒▒▒▒▒▒
.......▒▒▒▒▒▒...▒
...........▒▒▒..▒
....▒......▒ ▒..▒
▒▒▒▒▒......▒
▒..▒▒ ▒......▒
▒▒(.▒ ▒▒▒▒▒▒▒▒
▒.)▒ ▒..▒▒ ▒.Rg▒
▒..>▒ ▒▒▒▒▒


You could see a gnoll.


Message History

You lunge at the gnoll.
You hit the gnoll but do no damage. The gnoll barely misses you.
There is a stone staircase leading up here.
The gnoll closely misses you.
You fly upwards.
There is a stone staircase leading down here.
Unknown command.
You barely miss the gnoll. The gnoll barely misses you.
You barely miss the gnoll. The gnoll hits you with a +0 spear.
You hit the gnoll but do no damage. The gnoll hits you with a +0 spear.
You barely miss the gnoll. The gnoll hits you with a +0 spear!
* * * LOW HITPOINT WARNING * * *
You closely miss the gnoll. The gnoll closely misses you.
You hit the gnoll but do no damage. The gnoll hits you with a +0 spear.
* * * LOW HITPOINT WARNING * * *
You hit the gnoll.
The gnoll is lightly wounded.
The gnoll misses you.
You spin and attack the gnoll.
You closely miss the gnoll.
The gnoll is lightly wounded.
The gnoll hits you with a +0 spear!
You die...

Action                   || total
-------------------------++-------
Melee: Dagger            ||   171
Invok: Lunge             ||    12
       Whirlwind         ||     3
 Stab: Sleeping          ||     4
Armor: Robe              ||    25
Dodge: Dodged            ||    92

Levels and vault maps discovered:
D:1:      shiori_arrival_elements, layout_basic, basic_ecumenical_altar
D:2:      layout_basic
D:3:      layout_loops_cross, nicolae_overflow_crystal_walls

Notes
Turn   | Place    | Note
-------+----------+-------------------------------------------
     0 | D:1      | sanka the Djinni Wanderer began the quest for the Orb.
     0 | D:1      | Reached XP level 1. HP: 18/18 MP: 0/0
   508 | D:1      | Reached XP level 2. HP: 12/23 MP: 0/0
  1414 | D:1      | Reached skill level 1 in Spellcasting
  1542 | D:1      | Found a faded altar of an unknown god.
  1584 | D:1      | Reached XP level 3. HP: 21/29 MP: 0/0
  1584 | D:1      | Learned a level 1 spell: Apportation
  1873 | D:1      | Became a worshipper of the Wu Jian Council
  1873 | D:1      | Reached * piety under Wu Jian
  2533 | D:3      | HP: 2/29 [worm (5)]
  3260 | D:3      | Reached skill level 3 in Dodging
  3633 | D:3      | Found a white marble altar of Elyvilon.
  3723 | D:2      | Slain by a gnoll

Vanquished Creatures
  3 worms
  A dart slug (D:1)
  An endoplasm (D:1)
  2 giant cockroaches
  6 goblins
  A hobgoblin (D:1)
  3 kobolds (D:1)
  2 quokkas
  2 ball pythons
  6 bats
  3 frilled lizards
  3 rats (D:1)
33 creatures vanquished.
